 Dungeon Sprint DCSS version 0.31-a0-818-ge7c7cf74f0 (webtiles) character file.

Game seed: 9277985507632219242

244 sircluck the Ruffian (level 5, -7/61 HPs)
             Began as a Troll Berserker on Sept 23, 2023.
             Was a Believer of Trog.
             Mangled by a seven-headed hydra (13 damage)
             ... in the Dungeon (Sprint VII: "The Pits").
             The game lasted 00:00:47 (116 turns).

sircluck the Ruffian (Troll Berserker)               Turns: 116, Time: 00:00:48

Health: -7/61      AC:  4    Str: 27    XL:     5   Next: 83%
Magic:  4/4        EV: 11    Int:  3    God:    Trog [**....]
Gold:   0          SH:  0    Dex:  9    Spells: 4/4 levels left

rFire   . .          .
                       - Unarmed
rCold   . . .        (no shield)
rNeg    . . .        a - +0 animal skin
rPois   .            (helmet restricted)
rElec   .            (no cloak)
rCorr   .            (gloves unavailable)
SInv    .            (boots unavailable)
Will    .....        (no amulet)
Stlth   +            (no ring)
HPRegen 1.10/turn    (no ring)
MPRegen 0.09/turn

%: no teleportation
@: on berserk cooldown, slowed, very slow
A: large, unfitting armour, claws 3, regeneration 1, shaggy fur 1, tough skin 1
a: Renounce Religion, Berserk, Trog's Hand


You were in the Dungeon.
You worshipped Trog.
Trog was pleased with you.
You visited 1 branch

Inventory:

Armour
 a - a +0 animal skin (worn)
Potions
 b - a potion of curing
 d - a potion of haste
 e - 2 potions of magic
 f - a potion of berserk rage


   Skills:
 + Level 6.4 Fighting
 + Level 6.3 Dodging
 + Level 7.6 Unarmed Combat


You had 4 spell levels left.
You didn't know any spells.
Your spell library was empty.

Dungeon Overview and Level Annotations

Branches:
Dungeon (1/1)

Altars:


Innate Abilities, Weirdness & Mutations

You are too large for most types of armour.
You have claws for hands.
Your natural rate of healing is unusually fast.
You are covered in fur. (AC +1)
You have tough skin. (AC +1)


Message History

You barely miss the wolf. The wolf bites you.
* * * LOW HITPOINT WARNING * * *
The wolf attacks as it pursues you! The wolf bites you.
* * * LOW HITPOINT WARNING * * *
You scratch the wolf.
The wolf is moderately wounded.
You are no longer berserk.
You are exhausted.
You feel yourself slow down. The wolf barely misses you.
The wolf attacks as it pursues you! The wolf completely misses you.
Blink to where?
Press: ? - help, Q - select action, (/) - cycle Dir - move target
As you read the scroll of blinking, it crumbles to dust.
There is an open door to the Entrance Hall (Safe) here.
The wolf bites you!
* * * LOW HITPOINT WARNING * * *
You scratch the wolf but do no damage.
The wolf is moderately wounded.
The wolf bites you.
* * * LOW HITPOINT WARNING * * *
The wolf bites you.
* * * LOW HITPOINT WARNING * * *
You feel much better. The wolf bites you. The wolf barely misses you.
You tear one of the five-headed hydra's heads off!
The four-headed hydra grows two more!
You mangle the six-headed hydra!!
The six-headed hydra is moderately wounded.
The six-headed hydra barely misses you. x3; The six-headed hydra bites you!
The six-headed hydra misses you. The six-headed hydra barely misses you.
You tear one of the six-headed hydra's heads off!
The five-headed hydra grows two more!
You claw the seven-headed hydra!
The seven-headed hydra is moderately wounded.
The seven-headed hydra barely misses you.
The seven-headed hydra bites you!
* * * LOW HITPOINT WARNING * * *
The seven-headed hydra bites you.
* * * LOW HITPOINT WARNING * * *
The seven-headed hydra bites you!
* * * LOW HITPOINT WARNING * * *
The seven-headed hydra bites you!
You die...

##########++###### #
#................# ..
#......#..#......##..
#...........†....''..
+................''..
#......#..#......##..
#...h..D.........# .
####D#####++######
#...@...# #.......#
#.......# #...<...#
#.......# #.......#
#.......# #########


You could see a seven-headed hydra and a wolf.

Vanquished Creatures
  3 wolves (D)
3 creatures vanquished.

Notes
Turn   | Place    | Note
-------+----------+-------------------------------------------
     0 | D        | sircluck the Troll Berserker began the quest for the Orb.
     0 | D        | Reached XP level 1. HP: 22/22 MP: 0/0
    25 | D        | Noticed a wolf
    40 | D        | Killed a wolf
    41 | D        | Reached skill level 5 in Unarmed Combat
    41 | D        | Reached XP level 2. HP: 28/33 MP: 1/1
    41 | D        | Reached XP level 3. HP: 35/40 MP: 2/2
    41 | D        | Reached XP level 4. HP: 42/49 MP: 3/3
    80 | D        | Noticed a wolf
    80 | D        | Noticed a wolf
    86 | D        | Noticed a wolf
    94 | D        | Noticed a five-headed hydra
    99 | D        | Killed a wolf
   100 | D        | Reached skill level 5 in Fighting
   100 | D        | Reached skill level 5 in Dodging
   100 | D        | Reached skill level 6 in Unarmed Combat
   100 | D        | Reached XP level 5. HP: 34/59 MP: 4/4
   104 | D        | Killed a wolf
   104 | D        | Reached ** piety under Trog
   105 | D        | Reached skill level 7 in Unarmed Combat
   116 | D        | Mangled by a seven-headed hydra

Illustrated notes

Levels and vault maps discovered:
D:        pitsprint [storerooms_1, entrance_room_1, metal_vault_4, armoury_3,
          mini_pit_1, grid_room_1, main_hall_1, silver_pit, the_coven_3,
          the_vestibule_1, steel_vault_3, golden_pit, hallway_of_sentries,
          crystal_vault_1, iron_vault_4, final_vault]

Skill      XL: |  1  2  3  4  5 |
---------------+----------------+-----
Fighting       | 4 5 6 |  6.4
Dodging        | 4 5 6 |  6.3
Unarmed Combat | 5 6 7 |  7.6

Action                     |  1- 3 |  4- 6 || total
---------------------------+-------+-------++-------
  Melee: Unarmed           |     9 |    23 ||    32
 Invoke: Berserk           |     1 |     1 ||     2
    Use: Scroll            |       |     1 ||     1
         Potion            |       |     1 ||     1
 Armour: Animal skin       |     7 |    29 ||    36
  Dodge: Dodged            |     3 |    29 ||    32

Table legend: (Time is in decaauts)
 A = Elapsed time spent in this place.
 B = Non-inter-level travel time spent in this place.
 C = Inter-level travel time spent in this place.
 D = Time resting spent in this place.
 E = Time spent auto-exploring this place.
 F = Levels seen in this place.
 G = Mean time per level.
                   A        B        C        D        E       F      G
               +--------+--------+--------+--------+--------+-----+--------+
         Total |    115 |    115 |      0 |     41 |      0 |   1 |  115.0 |
       Dungeon |    115 |    115 |      0 |     41 |      0 |   1 |  115.0 |
               +--------+--------+--------+--------+--------+-----+--------+

Top non-repeatable levels by time:
       D: 115 daAuts
